 Dungeon Crawl Stone Soup version 0.26-a0-850-g97a50ab700 (webtiles) character file.

Game seed: 12545773578704021019

373 miscthings the Chopper (level 6, -3/47 HPs)
             Began as a Hill Orc Transmuter on Nov 20, 2020.
             Slain by an ogre
             ... wielding a +0 giant club
              (26 damage)
             ... on level 4 of the Dungeon.
             The game lasted 00:05:18 (3877 turns).

miscthings the Chopper (Hill Orc Transmuter)        Turns: 3877, Time: 00:05:19

Health: -3/47      AC: 11    Str: 15    XL:     6   Next: 72%
Magic:  8/8        EV: 11    Int: 11    God:
Gold:   154        SH:  0    Dex: 11    Spells: 5/8 levels left

rFire    . . .     SeeInvis .   g - +0 hand axe
rCold    . . .     Faith    .   (no shield)
rNeg     . . .     Spirit   .   e - +2 ring mail {rPois}
rPois    +         Reflect  .   p - +2 helmet
rElec    .         Harm     .   (no cloak)
rCorr    .         Rampage  .   r - +0 pair of gloves
MR       .....                  (no boots)
Stlth    +.........             l - amulet of the acrobat
HPRegen  0.55/turn              (no ring)
MPRegen  0.11/turn              (no ring)

@: no status effects
A: dopey 1, regeneration 1
a: no special abilities


You were on level 4 of the Dungeon.
You visited 1 branch of the dungeon, and saw 4 of its levels.

You collected 154 gold pieces.

Inventory:

Hand Weapons
 g - a +0 hand axe (weapon)
Missiles
 h - 13 poisoned darts (quivered)
Armour
 e - a +2 ring mail of poison resistance (worn)
 p - a +2 helmet (worn)
 r - a +0 pair of gloves (worn)
Jewellery
 l - an amulet of the acrobat (around neck)
Wands
 v - a wand of paralysis (6)
Scrolls
 b - 5 scrolls of remove curse
 d - a scroll of teleportation {unknown}
 k - a scroll of enchant weapon {unknown}
 m - a scroll of enchant armour
 q - a scroll of magic mapping {unknown}
Potions
 a - a potion of mutation
 c - a potion of invisibility {unknown}
 f - 2 potions of curing
 i - 3 potions of haste
 j - a potion of brilliance
 n - a potion of lignification {unknown}
 o - a potion of might {unknown}


   Skills:
 - Level 1.2 Fighting
 + Level 7.7 Axes
 - Level 1.5 Dodging
 - Level 3.2 Unarmed Combat
 - Level 1.5 Spellcasting
 - Level 2.5 Transmutations


You had 5 spell levels left.
You knew the following spells:

 Your Spells              Type           Power        Failure   Level
a - Beastly Appendage     Tmut           #.....       22%         1
b - Wereblood             Tmut           #.......     32%         2

Your spell library contained the following spells:

 Spells                   Type           Power        Failure   Level
 Animate Skeleton         Necr           #.....       52%         1
 Apportation              Tloc           #.....       52%         1
 Corona                   Hex            #......      52%         1
 Summon Small Mammal      Summ           #...         52%         1
 Spider Form              Tmut/Pois      #.........   73%         3
 Ice Form                 Ice/Tmut       #.......     98%         4
 Blade Hands              Tmut           #.........   99%         5


Dungeon Overview and Level Annotations

Branches:
Dungeon (4/15)
 Temple: D:4-7

Altars:
Yredelemnul


Innate Abilities, Weirdness & Mutations

You are dopey. (Int -2)
Your natural rate of healing is unusually fast.


Message History

Throwing (i - inventory)
h - 14 poisoned darts (quivered)
Press: ? - help, Shift-Dir - straight line, f/p - ogre
Aim: an ogre, wielding a +0 giant club (lightly wounded, poisoned)
You throw a poisoned dart. The poisoned dart hits the ogre.
The ogre looks even sicker.
The ogre is lightly wounded.
You slash the ogre!
The ogre is moderately wounded.
The ogre barely misses you.
Your ring mail prevents you from hitting the ogre.
The ogre is moderately wounded.
You completely miss the ogre.
The ogre is moderately wounded.
The ogre hits you with a +0 giant club!!
Ouch! That really hurt!
You slash the ogre!
The ogre is severely wounded.
The ogre hits you with a +0 giant club!!
Ouch! That really hurt!
You die...

#.# ######...### ##.##
#...#......#
#...####.#.##...#.#####
#......................
#...####.#.###....####
##### #.#.# #.####
#...# #># #############
#.# #.((((O@.######.#
#.######........#
#..#####.#
####........# #
#........##.####### # #
#.##..##..........# #
#.###.##.........####.#
### #.................#
#.## ..#
####...#######...##
#...


You could see an ogre (very poisoned).

Vanquished Creatures
  An ogre (D:4)
  A scorpion (D:2)
  2 orc priests (D:4)
  A hound (D:4)
  3 adders
  3 oozes
  2 worms
  4 dart slugs
  6 orcs
  5 giant cockroaches
  12 goblins
  7 hobgoblins
  A quokka (D:3)
  2 ball pythons (D:1)
  8 bats
  3 frilled lizards
  9 kobolds
  12 rats
82 creatures vanquished.

Vanquished Creatures (others)
  An orc wizard (D:4)
  A goblin (D:3)
2 creatures vanquished.

Grand Total: 84 creatures vanquished

Notes
Turn   | Place    | Note
-------+----------+-------------------------------------------
     0 | D:1      | miscthings the Hill Orc Transmuter began the quest for the
                  | Orb.
     0 | D:1      | Reached XP level 1. HP: 16/16 MP: 3/3
   275 | D:1      | Reached XP level 2. HP: 8/23 MP: 4/4
   714 | D:1      | Reached XP level 3. HP: 16/28 MP: 5/5
   997 | D:1      | Reached skill level 1 in Axes
  1121 | D:1      | Reached skill level 2 in Axes
  1508 | D:2      | Noticed a scorpion
  1604 | D:2      | Killed a scorpion
  1605 | D:2      | Reached skill level 4 in Axes
  1605 | D:2      | Reached XP level 4. HP: 32/35 MP: 6/6
  1621 | D:2      | Reached XP level 5. HP: 38/40 MP: 7/7
  1915 | D:3      | Reached skill level 5 in Axes
  2045 | D:3      | Found a basalt altar of Yredelemnul.
  2146 | D:3      | Learned a level 2 spell: Wereblood
  2517 | D:3      | Paralysed by a goblin for 6 turns
  3029 | D:4      | Reached skill level 6 in Axes
  3035 | D:4      | Reached XP level 6. HP: 32/47 MP: 8/8
  3048 | D:4      | HP: 2/47 [orc priest/divine providence (13)]
  3072 | D:4      | Reached skill level 7 in Axes
  3480 | D:4      | Gained mutation: You are dopey. (Int -2) [potion of
                  | mutation]
  3480 | D:4      | Gained mutation: Your natural rate of healing is unusually
                  | fast. [potion of mutation]
  3877 | D:4      | Slain by an ogre

Illustrated notes

Levels and vault maps discovered:
D:1:      dpeg_arrival_subterranean_lakeside_camping, layout_basic, st_stairs_1,
          moated_statue
D:2:      layout_basic
D:3:      layout_loops_corners, lemuel_doored_altar
D:4:      layout_loops_corners

Skill      XL: |  1  2  3  4  5  6 |
---------------+-------------------+-----
Transmutations | 2 |  2.5
Axes           | 4 6 7 |  7.7
Fighting       | |  1.2
Dodging        | |  1.5
Unarmed Combat | |  3.2
Spellcasting   | |  1.5

Action                   |  1- 3 |  4- 6 || total
-------------------------+-------+-------++-------
Melee: Unarmed           |   146 |     3 ||   149
       Kick              |    15 |     5 ||    20
       Headbutt          |     6 |     6 ||    12
       Punch             |     1 |     4 ||     5
       Hand axe          |       |   186 ||   186
Throw: Dart              |       |     8 ||     8
 Cast: Beastly Appendage |    11 |     4 ||    15
  Use: Scroll            |     4 |     3 ||     7
       Potion            |       |     2 ||     2
Armor: Ring mail         |    50 |    93 ||   143
       Robe              |     1 |       ||     1
Dodge: Dodged            |    82 |   122 ||   204

Table legend: (Time is in decaauts)
 A = Elapsed time spent in this place.
 B = Non-inter-level travel time spent in this place.
 C = Inter-level travel time spent in this place.
 D = Time resting spent in this place.
 E = Time spent auto-exploring this place.
 F = Levels seen in this place.
 G = Mean time per level.
                   A        B        C        D        E       F      G
               +--------+--------+--------+--------+--------+-----+--------+
         Total |   3872 |   3718 |    154 |    841 |   2117 |   4 |  968.0 |
       Dungeon |   3872 |   3718 |    154 |    841 |   2117 |   4 |  968.0 |
               +--------+--------+--------+--------+--------+-----+--------+

Top non-repeatable levels by time:
     D:1: 1380 daAuts
     D:4: 1045 daAuts
     D:3: 927 daAuts
     D:2: 518 daAuts
